 Dungeon Crawl Stone Soup version 0.30-a0-55-g90e3122c3a (webtiles) character file.

Game seed: 3679840136047617271

1372 IdlyInterested the Trooper (level 8, -3/68 HPs)
             Began as a Demonspawn Wanderer on Sept 9, 2022.
             Slain by an orc
             ... wielding a +0 trident
              (4 damage)
             ... on level 6 of the Dungeon.
             The game lasted 00:15:42 (4935 turns).

IdlyInterested the Trooper (Demonspawn Wanderer)    Turns: 4935, Time: 00:15:42

Health: -3/68      AC: 14    Str: 20    XL:     8   Next: 38%
Magic:  11/11      EV: 10    Int:  9    God:
Gold:   246        SH:  4    Dex: 16    Spells: 11/11 levels left

rFire   + . .      SeeInvis .    h - +2 dagger (freeze)
rCold   . . .      Faith    .    (no shield)
rNeg    + . .      Spirit   .    d - +2 scale mail
rPois   .          Reflect  .    (no helmet)
rElec   .          Harm     .    (no cloak)
rCorr   .          Rampage  .    j - +0 pair of gloves
Will    .....                    v - +2 pair of boots
Stlth   +++.......               (no amulet)
HPRegen 0.21/turn                t - ring "Voefud" {rF+ rN+}
MPRegen 0.12/turn                (no ring)

@: mighty
A: thin skeletal structure 2, spiny 1, condensation shield
a: no special abilities


You were on level 6 of the Dungeon.
You visited 1 branch of the dungeon, and saw 6 of its levels.

You collected 246 gold pieces.

Inventory:

Hand Weapons
 h - a +2 dagger of freezing (weapon)
 k - a +1 whip of flaming
 o - a +0 hand axe
 p - a +0 rapier
 q - a +0 long sword
 r - a +0 vorpal mace
Missiles
 n - 6 atropa-tipped darts (quivered)
 y - 7 poisoned darts
 A - a boomerang
Armour
 d - a +2 scale mail (worn)
 j - a +0 pair of gloves (worn)
 v - a +2 pair of boots (worn)
Magical Staves
 D - a staff of conjuration
Jewellery
 t - the ring "Voefud" (left hand) {rF+ rN+}
   (You found it on level 3 of the Dungeon)

   [ring of positive energy]

   rF:        It protects you from fire.
   rN:        It protects you from negative energy.
 z - an amulet of faith
Scrolls
 b - 3 scrolls of teleportation
 e - 8 scrolls of identify {unknown}
 f - a scroll of blinking {unknown}
 l - a scroll of torment {unknown}
 s - a scroll of amnesia {unknown}
 C - a scroll of enchant armour {unknown}
 E - a scroll of immolation {unknown}
Potions
 a - a potion of haste {unknown}
 c - a potion of attraction
 g - 2 potions of heal wounds {unknown}
 i - a potion of curing {unknown}
 m - 2 potions of flight {unknown}
 u - 2 potions of ambrosia {unknown}
 w - a potion of resistance {unknown}
 x - a potion of brilliance {unknown}


   Skills:
 + Level 7.6 Fighting
 - Level 1.0 Throwing
 + Level 6.8 Armour
 - Level 2.0 Dodging
 - Level 2.0 Stealth
 - Level 2.0 Spellcasting
 - Level 2.4 Invocations
 + Level 1.7 Evocations


You had 11 spell levels left.
You didn't know any spells.
Your spell library contained the following spells:

 Spells                   Type           Power      Damage    Failure   Level
 Freeze                   Ice            0%         1d3       63%         1
 Sting                    Tmut/Pois      0%         1d3       63%         1
 Poisonous Vapours        Pois/Air       0%         N/A       77%         2
 Scorch                   Fire           0%         2d5       77%         2
 Frozen Ramparts          Ice            0%         1d1       94%         3
 Corpse Rot               Necr/Pois/Air  0%         N/A       100%        4
 Flame Wave               Conj/Fire      0%         2d4       100%        4
 Hailstorm                Conj/Ice       0%         3d3       100%        4
 Olgreb's Toxic Radiance  Pois           0%         N/A       100%        4
 Summon Cactus Giant      Summ           0%         N/A       100%        6


Dungeon Overview and Level Annotations

Branches:
Dungeon (6/15)
 Temple: D:4-7

Altars:
Trog
Uskayaw

Annotations:
D:6 Eustachio


Innate Abilities, Weirdness & Mutations

You have a moderately thin skeletal structure. (Dex +4, Stealth++)
You are partially covered in sharp spines.
A meltable shield of frost defends you. (SH +4)


Message History

You hit the scorpion. You freeze the scorpion.
The scorpion is lightly wounded.
The orc hits you with a +0 club.
The orc priest calls down the wrath of Beogh upon you.
Beogh smites you!
The orc priest calls down the wrath of Beogh upon you.
Beogh smites you!
* * * LOW HITPOINT WARNING * * *
The scorpion completely misses you.
The orc priest mumbles some strange prayers to Beogh against you.
Beogh smites you!
* * * LOW HITPOINT WARNING * * *
Items here: ! ( ) ? [ †.
You feel very mighty all of a sudden. You block the orc's attack.
Eustachio mumbles some strange words.
Eustachio blinks!
The scorpion is struck by your spines. The scorpion closely misses you.
You hit the scorpion. You freeze the scorpion.
The scorpion is severely wounded.
Eustachio gestures wildly while chanting.
Eustachio blinks!
You block the scorpion's attack.
You puncture the scorpion! You freeze the scorpion.
You kill the scorpion!
The orc priest is struck by your spines.
The orc priest barely misses you. The orc is struck by your spines.
The orc hits you with a +0 club.
* * * LOW HITPOINT WARNING * * *
The orc priest is struck by your spines.
The orc priest barely misses you.
Eustachio mumbles some strange words.
You puncture the orc priest! You freeze the orc priest.
You kill the orc priest!
The bat is struck by your spines.
You kill the bat!
The bat's corpse disappears in a puff of smoke!
The orc is struck by your spines.
You kill the orc!
The orc hits you from afar with a +0 trident.
You die...

#...###'### #...#~~.~~#
#.#.#~♣.♣~###
...<'.._..'.##
#...#~♣.♣~#..########
#.###~~.~~#.........## ..#
###'###..........# #.#
#.........)....# #.#
##........@)...+ . #.#
#........§oo.##....
..##.###..................
................@.........
#####.##########.....:..#.
....†..# #..........
.......# ...).......
.......# ........#.#.
.......# .........._..


You could see Eustachio, an orc priest and an orc.

Vanquished Creatures
  Prince Ribbit (D:6)
  Sigmund (D:2)
  A sky beast (D:6)
  2 ice beasts
  A bullfrog (D:6)
  3 scorpions
  An orc priest (D:6)
  2 hounds (D:6)
  7 iguanas
  5 gnolls
  11 adders
  5 ufetubi
  5 dart slugs
  12 orcs
  7 ball pythons
  6 bats
  4 endoplasms
  4 giant cockroaches
  8 goblins
  6 hobgoblins
  2 jackals (D:4)
  4 quokkas
  3 frilled lizards (D:2)
  4 kobolds
  3 rats
108 creatures vanquished.

Notes
Turn   | Place    | Note
-------+----------+-------------------------------------------
     0 | D:1      | IdlyInterested the Demonspawn Wanderer began the quest for
                  | the Orb.
     0 | D:1      | IdlyInterested set off with the following items: a +0 club,
                  | 2 scrolls of teleportation, a potion of attraction, a +2
                  | scale mail.
     0 | D:1      | Reached XP level 1. HP: 19/19 MP: 2/2
   159 | D:1      | Gained mutation: A meltable shield of frost defends you.
                  | (SH +4) [demonic ancestry]
   159 | D:1      | Reached XP level 2. HP: 15/25 MP: 3/3
   794 | D:2      | Reached skill level 1 in Dodging
   794 | D:2      | Gained mutation: You have a somewhat thin skeletal
                  | structure. (Dex +2, Stealth+) [demonic ancestry]
   794 | D:2      | Reached XP level 3. HP: 23/31 MP: 4/4
  1083 | D:2      | Reached XP level 4. HP: 38/38 MP: 5/5
  1089 | D:2      | Noticed Sigmund
  1100 | D:2      | Killed Sigmund
  1101 | D:2      | Reached skill level 5 in Fighting
  1101 | D:2      | Gained mutation: You have a moderately thin skeletal
                  | structure. (Dex +4, Stealth++) [demonic ancestry]
  1101 | D:2      | Reached XP level 5. HP: 36/44 MP: 6/6
  1939 | D:3      | You fall into a shaft and drop 1 floor!
  1965 | D:4      | Reached skill level 5 in Armour
  1982 | D:4      | Reached XP level 6. HP: 50/51 MP: 7/7
  2023 | D:3      | Identified the ring "Voefud" {rF+ rN+}
  2559 | D:4      | Reached skill level 1 in Stealth
  3252 | D:5      | Entered Level 5 of the Dungeon
  3282 | D:5      | Reached skill level 6 in Fighting
  3583 | D:5      | Noticed an ice beast
  3610 | D:5      | Killed an ice beast
  3611 | D:5      | Gained mutation: You are partially covered in sharp spines.
                  | [demonic ancestry]
  3611 | D:5      | Reached XP level 7. HP: 15/59 MP: 8/8
  4369 | D:6      | Reached skill level 1 in Throwing
  4392 | D:6      | Noticed Prince Ribbit
  4401 | D:6      | Killed Prince Ribbit
  4402 | D:6      | Reached skill level 7 in Fighting
  4402 | D:6      | Reached skill level 1 in Spellcasting
  4494 | D:6      | Reached XP level 8. HP: 43/67 MP: 10/10
  4738 | D:6      | Reached skill level 1 in Evocations
  4891 | D:6      | Found a hide-covered altar of Uskayaw.
  4925 | D:6      | Noticed Eustachio
  4926 | D:6      | Found a bloodstained altar of Trog.
  4930 | D:6      | HP: 1/67 [orc priest/divine providence (11)]
  4935 | D:6      | Slain by an orc

Illustrated notes

Levels and vault maps discovered:
D:1:      noname_arrival_rooms_in_the_neighbourhood, layout_loops_ring
D:2:      layout_rooms, basic_altar, st_stairs_10,
          nicolae_concentric_dashed_squares_wild, minmay_surrounded,
          uniq_sigmund
D:3:      layout_basic
D:4:      layout_loops_ring
D:5:      layout_rooms
D:6:      layout_basic, riverfiend_overflow_shadow_ancestor,
          kennysheep_little_box, lemuel_crystal_altar,
          kennysheep_big_empty_room, minmay_misc_feat_ornament, uniq_edmund,
          uniq_eustachio, uniq_prince_ribbit1

Skill      XL: |  1  2  3  4  5  6  7  8 |
---------------+-------------------------+-----
Armour         | 4 5 6 |  6.8
Dodging        | 1 2 |  2.0
Fighting       | 5 6 7 |  7.6
Stealth        | 2 |  2.0
Throwing       | 1 |  1.0
Spellcasting   | 1 2 |  2.0
Evocations     | 1 |  1.7
Invocations    | |  2.4

Action                   |  1- 3 |  4- 6 |  7- 9 || total
-------------------------+-------+-------+-------++-------
Melee: Dagger            |    94 |   254 |   111 ||   459
       Club              |     2 |       |       ||     2
       Punch             |       |     6 |     1 ||     7
Throw: Dart              |       |     1 |     2 ||     3
  Use: Potion            |       |       |     1 ||     1
 Stab: Sleeping          |       |     9 |     1 ||    10
       Distracted        |       |     1 |       ||     1
Armor: Scale mail        |    47 |    98 |    49 ||   194
Dodge: Dodged            |    34 |   105 |    45 ||   184
Block: Other             |    15 |    37 |    17 ||    69

Table legend: (Time is in decaauts)
 A = Elapsed time spent in this place.
 B = Non-inter-level travel time spent in this place.
 C = Inter-level travel time spent in this place.
 D = Time resting spent in this place.
 E = Time spent auto-exploring this place.
 F = Levels seen in this place.
 G = Mean time per level.
                   A        B        C        D        E       F      G
               +--------+--------+--------+--------+--------+-----+--------+
         Total |   4936 |   4507 |    429 |    761 |   2475 |   6 |  822.7 |
       Dungeon |   4936 |   4507 |    429 |    761 |   2475 |   6 |  822.7 |
               +--------+--------+--------+--------+--------+-----+--------+

Top non-repeatable levels by time:
     D:5: 977 daAuts
     D:3: 932 daAuts
     D:4: 855 daAuts
     D:1: 848 daAuts
     D:2: 688 daAuts
     D:6: 633 daAuts
